AoeStats
← lizzya14

Arabia

505536411Analyzed
1v1 RM · 23d ago on Sep 9, 2026· 39m 12s· 2 players
Game mode
Random Map
Map size
Tiny (2 player)
Population
200
Speed
Normal
Resources
Standard
Victory
Conquest
Starting age
Dark Age
Ending age
Imperial Age
RankedLock teamsTeams togetherTeam positionsShared explorationLock speedFull tech treeHidden civsTurbo modeCheats
Victory
Defeat
🇨🇴 Koreans · Colombia
1417
+19
🇺🇸 Goths · United States
1475
-19
ephemeral
8:54 Feudal Age
9:23 Double-Bit Axe
9:19 Horse Collar
10:27 Loom
11:18 Wheelbarrow
14:39 Man-at-Arms
21:01 Castle Age
18:57 Gold Mining
21:35 Fletching
21:06 Elite Skirmisher
22:22 Bow Saw
22:37 Bodkin Arrow
23:58 Squires
23:29 Long Swordsman
26:05 Pikeman
28:29 Town Watch
29:06 Gambesons
30:46 Gold Shaft Mining
31:07 Scale Mail Armor
36:01 Imperial Age
35:15 Forging
35:21 Chain Mail Armor
35:41 Ballistics
37:11 Bracer
37:48 Iron Casting
38:47 Two-Man Saw
38:45 Plate Mail Armor
37:57 Two-Handed Swordsman
38:52 Arson
lizzya14
10:30 Loom
12:23 Feudal Age
17:37 Castle Age
16:30 Man-at-Arms
17:42 Fletching
18:25 Gold Mining
18:25 Double-Bit Axe
19:13 Bodkin Arrow
20:43 Padded Archer Armor
21:43 Horse Collar
24:31 Wheelbarrow
33:36 Imperial Age
31:20 Anarchy
32:01 Scale Mail Armor
32:04 Squires
33:03 Scale Barding Armor
33:10 Bloodlines
33:52 Chain Mail Armor
34:31 Perfusion
35:03 Bow Saw
35:35 Conscription
35:49 Forging
37:23 Iron Casting
38:09 Hand Cart
38:03 Long Swordsman
38:52 Town Watch
38:34 Two-Handed Swordsman
Connection lost

Rejoining the realm…

Still unreachable

The connection could not be restored.

Session expired

The server has moved on; the page needs a fresh start.